 Dungeon Crawl Stone Soup version 0.20-a0-454-g2b43fbb (webtiles) character file.

462 HarleyQuinn the Skirmisher (level 6, -4/53 HPs)
             Began as a Demonspawn Fighter on Jan 8, 2017.
             Slain by an orc warrior
             ... wielding a +0 dire flail
              (22 damage)
             ... on level 3 of the Dungeon.
             The game lasted 00:03:04 (3027 turns).

HarleyQuinn the Skirmisher (Demonspawn Fighter)     Turns: 3027, Time: 00:03:05

Health: -4/53      AC:  7    Str: 17    XL:     6   Next: 79%
Magic:  0/6        EV: 11    Int:  9    God:
Gold:   188        SH:  9    Dex: 21    Spells: 5/5 levels left

rFire  + . .     SeeInvis .     q - +0 long sword
rCold  . . .     Gourm    .     a - +0 scale mail
rNeg   . . .     Faith    .     b - +0 shield
rPois  .         Spirit   +     n - +0 helmet
rElec  .         Reflect  .     (no cloak)
rCorr  .         Harm     .     (no gloves)
MR     +....                    (no boots)
Stlth  ++........               e - amulet of guardian spirit
                                t - ring of protection from fire
                                l - ring of protection from magic

@: agile
A: talons 2, thin skeletal structure 1
a: no special abilities


You were on level 3 of the Dungeon.
You were not hungry.

You visited 1 branch of the dungeon, and saw 3 of its levels.

You collected 188 gold pieces.

Inventory:

Hand Weapons
 q - a +0 long sword (weapon)
Armour
 a - a +0 scale mail (worn)
 b - a +0 shield (worn)
 n - a +0 helmet (worn)
 o - a +0 large shield
Jewellery
 e - an amulet of guardian spirit (around neck)
 l - a ring of protection from magic (left hand)
 t - a ring of protection from fire (right hand)
Wands
 y - a wand of random effects (16/48)
Scrolls
 g - 3 scrolls of recharging {unknown}
 h - a scroll of blinking {unknown}
 i - a scroll of fear {unknown}
 j - a scroll of remove curse {unknown}
 m - 3 scrolls of teleportation {unknown}
 r - 2 scrolls of identify {unknown}
Potions
 c - 3 potions of degeneration {unknown}
 k - 2 potions of haste {unknown}
 s - a potion of heal wounds {unknown}
 u - a potion of brilliance {unknown}
 v - a potion of agility
 x - a potion of cancellation {unknown}
 z - a potion of mutation {unknown}
Comestibles
 d - a bread ration
 f - a slice of pizza
 p - 4 chunks of flesh
 w - 4 fruits


   Skills:
 - Level 6.4 Fighting
 + Level 3.0 Long Blades
 - Level 2.6 Armour
 - Level 2.6 Shields
 - Level 2.6 Unarmed Combat


You had 5 spell levels left.
You didn't know any spells.

Dungeon Overview and Level Annotations

Branches:
Dungeon (3/15)

Altars:
Kikubaaqudgha
Nemelex Xobeh
Xom


Innate Abilities, Weirdness & Mutations

You have razor-sharp toenails.
You have a somewhat thin skeletal structure. (Dex +2, Stealth)


Message History

The orc priest is almost dead.
The orc priest hits you with a dagger. The orc wizard closely misses you.
The orc closely misses you.
The orc hits you from afar with a trident.
The orc warrior hits you with a dire flail.
You block the orc priest's attack.
The orc wizard gestures at you while chanting.
The puff of flame hits you! You resist.
You hit the orc priest.
You kill the orc priest!
Your Long Blades skill increases to level 3!
The orc barely misses you. You block the orc's attack.
The orc warrior barely misses you.
The orc wizard gestures at you while chanting.
The magic dart hits you!
You slash the orc wizard!
The orc wizard is heavily wounded.
The orc hits you with a mace. You block the orc's attack.
The orc warrior hits you with a dire flail!!
You die...

####.#. ##### #####....#.
#...# #......###. #...#
###......###. #...#
#..........#. #### #...#
#.###....#.#. .... #.o.#
#.# #......#. .....#ooo#
#.####...####
.....#)@.####............
.........................
.[...#................(..
.... #.(.................
... #.(.................
.. #.............(..... .
#...................
#...........).......
#...................


You could see an orc warrior, an orc wizard and 2 orcs.

Vanquished Creatures
  Sigmund (D:2)
  Purgy (D:3)
  A centaur (D:2)
  An orc priest (D:3)
  3 adders
  2 oozes
  A dart slug (D:1)
  An orc (D:3)
  6 bats
  5 giant cockroaches
  4 hobgoblins
  6 jackals (D:2)
  3 quokkas
  4 frilled lizards
  7 goblins
  7 kobolds
  6 rats
59 creatures vanquished.

Notes
Turn   | Place    | Note
-------+----------+-------------------------------------------
     0 | D:1      | HarleyQuinn the Demonspawn Fighter began the quest for the Orb.
     0 | D:1      | Reached XP level 1. HP: 18/18 MP: 1/1
   374 | D:1      | Gained mutation: You have sharp toenails. [demonic ancestry]
   374 | D:1      | Reached XP level 2. HP: 24/24 MP: 2/2
   709 | D:1      | Reached XP level 3. HP: 23/29 MP: 3/3
  1066 | D:2      | Found a sparkling altar of Nemelex Xobeh.
  1087 | D:2      | Noticed Sigmund
  1107 | D:2      | Killed Sigmund
  1107 | D:2      | Reached skill level 5 in Fighting
  1107 | D:2      | Gained mutation: You have a somewhat thin skeletal structure. (Dex +2, Stealth) [demonic ancestry]
  1107 | D:2      | Reached XP level 4. HP: 4/40 MP: 1/4
  1107 | D:2      | Gained mutation: You have razor-sharp toenails. [demonic ancestry]
  1107 | D:2      | Reached XP level 5. HP: 5/46 MP: 1/5
  1796 | D:2      | Noticed a centaur
  1817 | D:2      | Killed a centaur
  1817 | D:2      | Reached skill level 6 in Fighting
  1817 | D:2      | Reached XP level 6. HP: 37/53 MP: 3/6
  2367 | D:3      | Reached skill level 1 in Long Blades
  2585 | D:3      | Noticed Purgy
  2600 | D:3      | Killed Purgy
  2812 | D:3      | Found a shimmering altar of Xom.
  2961 | D:3      | Found an ancient bone altar of Kikubaaqudgha.
  3018 | D:3      | Noticed an orc warrior
  3027 | D:3      | Slain by an orc warrior

Vault maps used:
D:1:      dpeg_arrival_circle_labyrinth_a, hangedman_decor_clover_reticule
D:2:      old_standard_altar, uniq_sigmund
D:3:      xom_butterflies, nicolae_overflow_hidden_temple, uniq_purgy

Skill      XL: |  1  2  3  4  5  6 |
---------------+-------------------+-----
Unarmed Combat | 2 |  2.6
Fighting       | 5 6 |  6.4
Long Blades    | 3 |  3.0
Armour         | |  2.6
Shields        | |  2.6

Action                   |  1- 3 |  4- 6 || total
-------------------------+-------+-------++-------
Melee: Unarmed           |   151 |    58 ||   209
       Kick              |    21 |    47 ||    68
       Long sword        |       |    86 ||    86
  Use: Potion            |     1 |     1 ||     2
  Eat: Chunk             |     1 |     6 ||     7
Armor: Scale mail        |    90 |    82 ||   172
Dodge: Dodged            |    40 |    60 ||   100
Block: Shield            |    74 |    97 ||   171
       Rpst.: Long sword |       |    15 ||    15
